 Dungeon Crawl Stone Soup version 0.30-a0-279-g4b46babb21 (webtiles) character file.

Game seed: 15743744338193721049

36 purpskrrrp the Chopper (level 3, -7/29 HPs)
             Began as a Demonspawn Fighter on Oct 16, 2022.
             Killed from afar by Sigmund (17 damage)
             ... with a bolt of light
             ... on level 2 of the Dungeon.
             The game lasted 00:01:31 (858 turns).

purpskrrrp the Chopper (Demonspawn Fighter)          Turns: 858, Time: 00:01:32

Health: -7/29      AC: 12    Str: 18    XL:     3   Next: 19%
Magic:  3/3        EV:  9    Int:  9    God:
Gold:   41         SH:  4    Dex: 12    Spells: 2/2 levels left

rFire   . . .      SeeInvis .    a - +0 war axe
rCold   . . .      Faith    .    c - +0 buckler
rNeg    . . .      Spirit   .    b - +0 scale mail
rPois   .          Reflect  .    (no helmet)
rElec   .          Harm     .    (no cloak)
rCorr   .          Rampage  .    (no gloves)
Will    .....                    (no boots)
Stlth   ..........               (no amulet)
HPRegen 0.24/turn                (no ring)
MPRegen 0.08/turn                (no ring)

@: mighty, sanguine armoured
A: powered by death 1, sanguine armour 1
a: no special abilities


You were on level 2 of the Dungeon.
You visited 1 branch of the dungeon, and saw 2 of its levels.

You collected 41 gold pieces.

Inventory:

Hand Weapons
 a - a +0 war axe (weapon)
Armour
 b - a +0 scale mail (worn)
 c - a +0 buckler (worn)
Scrolls
 g - a scroll of enchant armour {unknown}
 h - a scroll of vulnerability {unknown}
Potions
 d - a potion of might
 e - a potion of heal wounds {unknown}
 f - a potion of brilliance {unknown}
 i - a potion of lignification {unknown}


   Skills:
 - Level 3.0 Fighting
 + Level 3.1 Axes
 - Level 2.7 Armour
 - Level 2.7 Shields


You had 2 spell levels left.
You didn't know any spells.
Your spell library was empty.

Dungeon Overview and Level Annotations

Branches:
Dungeon (2/15)

Altars:

Annotations:
D:2 Sigmund


Innate Abilities, Weirdness & Mutations

You regenerate a little health from kills.
When seriously injured, your blood forms armour. (AC +6)


Message History

You bump into the rock wall.
Sigmund barely misses you.
You bump into the rock wall.
You barely miss Sigmund.
Sigmund casts a spell.
Sigmund flickers and vanishes!
Deactivating autopickup; reactivate with Ctrl-A.
You hear some strange, mumbled words.
A puff of flame appears from out of thin air!
The puff of flame misses you.
You bump into the rock wall.
You feel less confused. Something completely misses you.
You miss something. You closely miss something.
You hear a zap.
A bolt of light appears from out of thin air!
The bolt of light misses you. Something hits you.
You closely miss something.
You hear some strange, mumbled words.
Something tries to affect you, but you resist.
You closely miss something. Something hits you.
You miss something.
You hear some strange, mumbled words.
A puff of flame appears from out of thin air!
The puff of flame hits you.
Your blood congeals into armour.
You closely miss something. You block something's attack.
You closely miss something. Something hits you but does no damage.
You barely miss something.
You hear a zap.
A bolt of light appears from out of thin air!
The bolt of light misses you.
You completely miss something. Something hits you.
You miss something. Something hits you!
You slash something! You block something's attack.
You miss something.
You hear a zap.
A bolt of light appears from out of thin air!
The bolt of light hits you!
Ouch! That really hurt!
You die...

###### .....#######
...........###
.....#####...##
###.## ###..#####
###.### ##...@{#
......## #####...#
###.#..########
##.....
#.##........#
########
#.#########.###...#
#.# #..##...# #.#
##.##<..###[. #.#
#........... #.#
####...###..


There were no monsters in sight!

Vanquished Creatures
  An adder (D:2)
  A dart slug (D:1)
  A bat (D:1)
  3 endoplasms (D:1)
  4 goblins (D:1)
  2 hobgoblins (D:1)
  2 quokkas (D:1)
  A ball python (D:1)
  3 frilled lizards (D:1)
  3 kobolds (D:1)
  3 rats (D:1)
24 creatures vanquished.

Notes
Turn   | Place    | Note
-------+----------+-------------------------------------------
     0 | D:1      | purpskrrrp the Demonspawn Fighter began the quest for the
                  | Orb.
     0 | D:1      | Reached XP level 1. HP: 18/18 MP: 1/1
   111 | D:1      | Gained mutation: You regenerate a little health from kills.
                  | [demonic ancestry]
   111 | D:1      | Reached XP level 2. HP: 24/24 MP: 2/2
   830 | D:2      | Gained mutation: When seriously injured, your blood forms
                  | armour. (AC +6) [demonic ancestry]
   830 | D:2      | Reached XP level 3. HP: 29/29 MP: 3/3
   838 | D:2      | Noticed Sigmund
   858 | D:2      | Killed from afar by Sigmund

Illustrated notes

Levels and vault maps discovered:
D:1:      amcnicky_arrival_double_pillar, layout_basic, glass_columns_a,
          hex_medium, hangedman_decor_growths
D:2:      layout_rooms, uniq_sigmund, uniq_jessica

Skill      XL: |  1  2 |
---------------+-------+-----
Axes           | 2 3 |  3.1
Fighting       | |  3.0
Armour         | |  2.7
Shields        | |  2.7

Action                   || total
-------------------------++-------
Melee: War axe           ||    79
  Use: Potion            ||     1
Armor: Scale mail        ||    35
Dodge: Dodged            ||    40
Block: Buckler           ||    17

Table legend: (Time is in decaauts)
 A = Elapsed time spent in this place.
 B = Non-inter-level travel time spent in this place.
 C = Inter-level travel time spent in this place.
 D = Time resting spent in this place.
 E = Time spent auto-exploring this place.
 F = Levels seen in this place.
 G = Mean time per level.
                   A        B        C        D        E       F      G
               +--------+--------+--------+--------+--------+-----+--------+
         Total |    890 |    887 |      3 |      0 |    689 |   2 |  445.0 |
       Dungeon |    890 |    887 |      3 |      0 |    689 |   2 |  445.0 |
               +--------+--------+--------+--------+--------+-----+--------+

Top non-repeatable levels by time:
     D:1: 823 daAuts
     D:2: 66 daAuts
